 Dungeon Crawl Stone Soup version 0.29.1-1-gd02db6906a (webtiles) character file.

Game seed: 4008257288702956216

342 raistware the Conjurer (level 6, -1/36 HPs)
             Began as an Octopode Conjurer on Oct 6, 2022.
             Slain by a bullfrog skeleton (3 damage)
             ... on level 5 of the Dungeon.
             The game lasted 00:08:48 (4937 turns).

raistware the Conjurer (Octopode Conjurer)          Turns: 4937, Time: 00:08:48

Health: -1/36      AC:  1    Str: 12    XL:     6   Next: 57%
Magic:  4/12       EV: 13    Int: 22    God:
Gold:   274        SH:  0    Dex: 11    Spells: 2/13 levels left

rFire   . . .      SeeInvis .   g - +2 dagger (venom)
rCold   . . .      Faith    .   (no shield)
rNeg    + . .      Spirit   .   (helmet restricted)
rPois   .          Reflect  .   (no amulet)
rElec   .          Harm     .   i - +6 ring of strength
rCorr   .          Rampage  .   n - ring of positive energy
Will    .....                   (no ring)
Stlth   +++.......              (no ring)
HPRegen 0.12/turn               (no ring)
MPRegen 0.13/turn               (no ring)
                                (no ring)
                                (no ring)

@: no status effects
A: almost no armour, amphibious, 8 rings, camouflage 1, gelatinous body 1,
(nimble swimmer 1), tentacles
a: no special abilities


You were on level 5 of the Dungeon.
You visited 1 branch of the dungeon, and saw 5 of its levels.

You collected 274 gold pieces.

Inventory:

Hand Weapons
 g - a +2 dagger of venom (weapon)
Jewellery
 i - a +6 ring of strength (left tentacle)
 n - a ring of positive energy (right tentacle)
Scrolls
 e - 3 scrolls of enchant armour {unknown}
 h - a scroll of poison {unknown}
 j - 4 scrolls of identify {unknown}
 k - a scroll of brand weapon {unknown}
 o - a scroll of fear {unknown}
 p - a scroll of blinking {unknown}
 q - a scroll of vulnerability {unknown}
Potions
 a - a potion of magic
 b - a potion of lignification {unknown}
 c - a potion of heal wounds {unknown}
 d - a potion of curing {unknown}
 f - a potion of mutation {unknown}
 m - 3 potions of degeneration {unknown}


   Skills:
 - Level 2.0 Dodging
 - Level 3.0 Stealth
 - Level 4.0 Spellcasting
 + Level 5.8 Conjurations
 - Level 2.0 Translocations
 - Level 2.0 Poison Magic


You had 2 spell levels left.
You knew the following spells:

 Your Spells              Type           Power      Damage    Failure   Level
a - Magic Dart            Conj           100%       1d8       1%          1
b - Iskenderun's Mystic   Conj/Tloc      21%        2d6       22%         4
c - Mephitic Cloud        Conj/Pois/Air  15%        N/A       12%         3
d - Stone Arrow           Conj/Erth      34%        3d9       11%         3

Your spell library contained the following spells:

 Spells                   Type           Power      Damage    Failure   Level
 Searing Ray              Conj           58%        2d6       1%          2
 Sandblast                Erth           8%         2d5       11%         1
 Call Imp                 Summ           4%         N/A       17%         2
 Passwall                 Tmut/Erth      3%         N/A       17%         2
 Dazzling Flash           Conj/Hex       34%        N/A       11%         3
 Fulminant Prism          Conj/Hex       8%         3d7       34%         4


Dungeon Overview and Level Annotations

Branches:
Dungeon (5/15)
 Temple: D:4-7

Altars:
Fedhas
Makhleb
Nemelex Xobeh
Yredelemnul

Annotations:
D:5 exclusion: iguana


Innate Abilities, Weirdness & Mutations

You cannot wear most types of armour.
You are amphibious.
You can wear up to eight rings at the same time.
Your skin changes colour to match your surroundings (Stealth+).
Your rubbery body absorbs attacks. (AC +1, EV +1)
((You are camouflaged when in or above water. (Stealth+)))
You have tentacles for arms and can constrict up to eight enemies at once.


Message History

Press: ? - help, Shift-Dir - straight line, f/p - bullfrog skeleton
Aim: a bullfrog skeleton (heavily damaged, 100% to hit)
The magic dart hits the bullfrog skeleton!
The bullfrog skeleton is severely damaged.
Casting: Magic Dart (safe; 1% risk of failure)
Confirm with . or Enter, or press ? or * to list all spells.
Aiming: Magic Dart (safe; 1% risk of failure)
Press: ? - help, Shift-Dir - straight line, f/p - bullfrog skeleton
Aim: a bullfrog skeleton (severely damaged, 100% to hit)
The magic dart hits the bullfrog skeleton.
The bullfrog skeleton is severely damaged.
The bullfrog skeleton hits you.
* * * LOW HITPOINT WARNING * * *
Casting: Magic Dart (safe; 1% risk of failure)
Confirm with . or Enter, or press ? or * to list all spells.
Aiming: Magic Dart (safe; 1% risk of failure)
Press: ? - help, Shift-Dir - straight line, f/p - bullfrog skeleton
Aim: a bullfrog skeleton (severely damaged, 100% to hit)
The magic dart hits the bullfrog skeleton.
The bullfrog skeleton is almost destroyed.
The bullfrog skeleton hits you.
* * * LOW HITPOINT WARNING * * *
Casting: Magic Dart (safe; 1% risk of failure)
Confirm with . or Enter, or press ? or * to list all spells.
Aiming: Magic Dart (safe; 1% risk of failure)
Press: ? - help, Shift-Dir - straight line, f/p - bullfrog skeleton
Aim: a bullfrog skeleton (almost destroyed, 100% to hit)
The magic dart hits the bullfrog skeleton.
The bullfrog skeleton is almost destroyed.
The bullfrog skeleton hits you.
* * * LOW HITPOINT WARNING * * *
Casting: Magic Dart (safe; 1% risk of failure)
Confirm with . or Enter, or press ? or * to list all spells.
Aiming: Magic Dart (safe; 1% risk of failure)
Press: ? - help, Shift-Dir - straight line, f/p - bullfrog skeleton
Aim: a bullfrog skeleton (almost destroyed, 100% to hit)
The magic dart hits the bullfrog skeleton.
The bullfrog skeleton is almost destroyed.
The bullfrog skeleton hits you.
You die...

######....##.........##.#####.
##..(##.........#..####..
##########...#................#
#........#.#....<.....#.#######
#........#.##..>......#.#
#........#..#.........#.#
#........##...........#.#
#.....................#.#
#........###..@Z.....#..#
###........# ###........s..
_##........## ###....##.
..##........# ..#....
..#.........## .####..
..#..........# .# .!
.##...†......# .#
.##.............. .#
###.........#....#.#


You could see a bullfrog skeleton.

Vanquished Creatures
  A phantom (D:5)
  A centaur zombie (D:5)
  An orc wizard (D:4)
  A killer bee zombie (D:5)
  3 gnolls (D:2)
  7 adders
  3 worms (D:2)
  3 dart slugs
  6 orcs
  10 endoplasms
  2 giant cockroaches (D:1)
  4 hobgoblins
  6 kobolds
  3 quokkas
  4 ball pythons
  8 bats
  4 frilled lizards
  8 goblins
  7 rats
82 creatures vanquished.

Vanquished Creatures (others)
  2 withered plants (D:5)
2 creatures vanquished.

Grand Total: 84 creatures vanquished

Notes
Turn   | Place    | Note
-------+----------+-------------------------------------------
     0 | D:1      | raistware the Octopode Conjurer began the quest for the
                  | Orb.
     0 | D:1      | Reached XP level 1. HP: 11/11 MP: 3/3
    45 | D:1      | Found a faded altar of an unknown god.
   459 | D:1      | Reached XP level 2. HP: 17/17 MP: 0/5
  1210 | D:2      | Found a basalt altar of Yredelemnul.
  1427 | D:2      | Reached XP level 3. HP: 21/21 MP: 5/7
  1431 | D:2      | Learned a level 3 spell: Mephitic Cloud
  1555 | D:2      | Reached skill level 1 in Poison Magic
  2410 | D:2      | Reached XP level 4. HP: 27/27 MP: 3/9
  2423 | D:2      | Learned a level 4 spell: Iskenderun's Mystic Blast
  3140 | D:2      | Reached skill level 1 in Translocations
  3316 | D:3      | Reached XP level 5. HP: 31/31 MP: 8/11
  4232 | D:4      | Learned a level 3 spell: Stone Arrow
  4428 | D:4      | Identified the +1 robe of the Hanged Man {rPois Str+3}
  4660 | D:4      | You fall into a shaft and drop 1 floor!
  4660 | D:5      | Entered Level 5 of the Dungeon
  4666 | D:5      | Identified the +3 ring mail of Parsimonious Music {rN+
                  | Will+ Str+4}
  4729 | D:5      | Reached XP level 6. HP: 22/36 MP: 12/12
  4747 | D:5      | Reached skill level 5 in Conjurations
  4765 | D:5      | Found a blossoming altar of Fedhas.
  4770 | D:5      | Found a basalt altar of Yredelemnul.
  4773 | D:5      | Found a sparkling altar of Nemelex Xobeh.
  4777 | D:5      | Found a burning altar of Makhleb.
  4937 | D:5      | Slain by a bullfrog skeleton

Illustrated notes

Levels and vault maps discovered:
D:1:      dpeg_arrival_another_circle, layout_loops_ring, basic_ecumenical_altar
D:2:      layout_basic, basic_altar, minmay_quantized
D:3:      layout_loops_ring, nrook_loot_triangle, kennysheep_donut
D:4:      layout_cave_pools, serial_glass, glass_columns_b, glass_columns_c,
          minmay_strange_pillars, minmay_strange_pillars, feat_on_display,
          due_unseen_surprise
D:5:      layout_rooms, minitemple, serial_undead, serial_undead_d,
          serial_undead_e, serial_undead_c, serial_undead_d,
          gup_sewer_entry_pipe, uniq_sigmund

Skill      XL: |  1  2  3  4  5  6 |
---------------+-------------------+-----
Spellcasting   | 3 4 |  4.0
Poison Magic   | 1 2 |  2.0
Translocations | 1 2 |  2.0
Stealth        | 3 |  3.0
Conjurations   | 5 |  5.8
Dodging        | |  2.0

Action                   |  1- 3 |  4- 6 || total
-------------------------+-------+-------++-------
Melee: Tentacles         |     2 |     2 ||     4
       Unarmed           |     1 |       ||     1
       Dagger            |     1 |    20 ||    21
       Constrict         |       |     5 ||     5
 Cast: Magic Dart        |    75 |    92 ||   167
       Mephitic Cloud    |       |     1 ||     1
       Iskenderun's Myst |       |     1 ||     1
Evoke: Wand              |       |    19 ||    19
 Stab: Sleeping          |     1 |     1 ||     2
Armor: Skin              |     1 |     3 ||     4
Dodge: Dodged            |     3 |    21 ||    24
